 Dungeon Crawl Stone Soup version 0.29-a0-837-g174bc33265 (webtiles) character file.

Game seed: 2445514376974896353

36 Ijustatesigmund the Firebug (level 3, -1/26 HPs)
             Began as a Hill Orc Fire Elementalist on July 13, 2022.
             Slain by a goblin
             ... wielding a +0 club
              (4 damage)
             ... on level 2 of the Dungeon.
             The game lasted 00:03:03 (2104 turns).

Ijustatesigmund the Firebug (HOFE)                  Turns: 2104, Time: 00:03:03

Health: -1/26      AC:  3    Str: 10    XL:     3   Next: 37%
Magic:  1/6        EV: 11    Int: 17    God:
Gold:   60         SH:  0    Dex:  9    Spells: 3/6 levels left

rFire   . . .      SeeInvis .   d - +1 whip
rCold   . . .      Faith    .   (no shield)
rNeg    . . .      Spirit   .   a - +1 robe
rPois   .          Reflect  .   (no helmet)
rElec   .          Harm     .   (no cloak)
rCorr   .          Rampage  .   (no gloves)
Will    .....                   (no boots)
Stlth   +.........              (no amulet)
HPRegen 0.08/turn               (no ring)
MPRegen 0.10/turn               (no ring)

@: no status effects
A: clumsy 1
a: no special abilities


You were on level 2 of the Dungeon.
You visited 1 branch of the dungeon, and saw 2 of its levels.

You collected 60 gold pieces.

Inventory:

Hand Weapons
 d - a +1 whip (weapon)
Armour
 a - a +1 robe (worn)
Potions
 b - a potion of magic
 e - a potion of attraction {unknown}
 f - a potion of resistance {unknown}
 h - a potion of ambrosia {unknown}


   Skills:
 - Level 1.5 Dodging
 - Level 1.5 Stealth
 + Level 2.1 Spellcasting
 + Level 1.9 Conjurations
 + Level 3.8 Fire Magic


You had 3 spell levels left.
You knew the following spells:

 Your Spells              Type           Power      Damage    Failure   Level
a - Foxfire               Conj/Fire      44%        2x1d6     6%          1
b - Scorch                Fire           28%        2d6       6%          2

Your spell library contained the following spells:

 Spells                   Type           Power      Damage    Failure   Level
 Conjure Flame            Conj/Fire      11%        6-21      17%         3
 Inner Flame              Hex/Fire       8%         N/A       26%         3
 Flame Wave               Conj/Fire      11%        2d5       50%         4


Dungeon Overview and Level Annotations

Branches:
Dungeon (2/15)

Altars:

Shops:
D:1 *


Innate Abilities, Weirdness & Mutations

You are clumsy. (Dex -2)


Message History

Terence hits you with a +0 vorpal trident.
You feel much better.
Terence hits you with a +0 vorpal trident.
You hit Terence but do no damage.
Terence is severely wounded.
Terence is no longer more vulnerable to fire.
Terence says, "Time to say good-bye..."
Terence barely misses you.
Casting: Scorch (safe; 6% risk of failure)
Confirm with . or Enter, or press ? or * to list all spells.
You conjure some foxfire!
Terence misses you.
The foxfire hits Terence but does no damage.
Terence is severely wounded.
The foxfire hits Terence but does no damage.
Terence is severely wounded.
Terence hits you with a +0 vorpal trident!
Your magical contamination has completely faded away.
You closely miss Terence.
Terence is severely wounded.
Terence misses you.
You barely miss Terence.
Terence is severely wounded.
Terence closely misses you.
You closely miss Terence.
Terence is severely wounded.
Terence closely misses you.
You hit Terence but do no damage.
Terence is severely wounded.
Terence completely misses you.
It was a potion of mutation.
You feel extremely strange.
You feel clumsy.
Terence hits you with a +0 vorpal trident!
* * * LOW HITPOINT WARNING * * *
x2 You hit Terence but do no damage.
Terence is severely wounded.
Terence misses you.
You hit Terence.
You kill Terence!
The goblin hits you with a +0 club.
You die...

####### ###### #.....# ####
#....#######.#.# #...
#............#.# #.##
#......#######.# #.#. #......#
#.# #.#.
#......#######.#############.#.
+....†.......g@...............>
#......#######.#.###########.#.
..!....### #...............#.
.....†.# ###.########...##.
.......# #.# #(#.### ........
#.# #.#.# .$...... ... #.#.#
######## #.# #.#.# #.# #.#.#


You could see a goblin.

Vanquished Creatures
  Terence (D:2)
  A gnoll (D:1)
  2 bats (D:1)
  4 endoplasms (D:1)
  2 giant cockroaches (D:1)
  A goblin (D:1)
  2 hobgoblins
  2 quokkas (D:1)
  3 ball pythons (D:1)
  2 frilled lizards
  4 kobolds (D:1)
  4 rats
28 creatures vanquished.

Vanquished Creatures (collateral kills)
  3 foxfires (D:1)
3 creatures vanquished.

Vanquished Creatures (others)
  58 foxfires
58 creatures vanquished.

Grand Total: 89 creatures vanquished

Notes
Turn   | Place    | Note
-------+----------+-------------------------------------------
     0 | D:1      | Ijustatesigmund the Hill Orc Fire Elementalist began the
                  | quest for the Orb.
     0 | D:1      | Reached XP level 1. HP: 14/14 MP: 3/3
   446 | D:1      | Reached XP level 2. HP: 8/20 MP: 4/4
   774 | D:1      | Found a faded altar of an unknown god.
  1044 | D:1      | Learned a level 2 spell: Scorch
  1096 | D:1      | Reached XP level 3. HP: 26/26 MP: 4/6
  1422 | D:1      | Found Nuabosim's Assorted Antiques.
  2070 | D:2      | Noticed Terence
  2102 | D:2      | Gained mutation: You are clumsy. (Dex -2) [potion of
                  | mutation]
  2104 | D:2      | Killed Terence
  2104 | D:2      | Slain by a goblin

Illustrated notes

Levels and vault maps discovered:
D:1:      nzn_arrival_settlement, layout_loops_ring, serial_shops,
          nicolae_shop_waterfront, ebering_ecumenical_altar_box,
          minmay_misc_feat_secret_circle, minmay_hedge_maze
D:2:      layout_basic, minmay_tetromino_o2, uniq_terence, uniq_sigmund

Skill      XL: |  1  2 |
---------------+-------+-----
Spellcasting   | 2 |  2.1
Dodging        | |  1.5
Stealth        | |  1.5
Conjurations   | |  1.9
Fire Magic     | |  3.8

Action                   || total
-------------------------++-------
Melee: Whip              ||    25
 Cast: Foxfire           ||    39
       Scorch            ||     2
  Use: Scroll            ||     5
       Potion            ||     2
 Stab: Sleeping          ||     1
Armor: Robe              ||     3
Dodge: Dodged            ||    23

Table legend: (Time is in decaauts)
 A = Elapsed time spent in this place.
 B = Non-inter-level travel time spent in this place.
 C = Inter-level travel time spent in this place.
 D = Time resting spent in this place.
 E = Time spent auto-exploring this place.
 F = Levels seen in this place.
 G = Mean time per level.
                   A        B        C        D        E       F      G
               +--------+--------+--------+--------+--------+-----+--------+
         Total |   2105 |   2073 |     32 |    597 |   1215 |   2 | 1052.5 |
       Dungeon |   2105 |   2073 |     32 |    597 |   1215 |   2 | 1052.5 |
               +--------+--------+--------+--------+--------+-----+--------+

Top non-repeatable levels by time:
     D:1: 1951 daAuts
     D:2: 154 daAuts
